 Dungeon Crawl Stone Soup version 0.18.1-8-gdd0e5ea (webtiles) character file.

1594844 taran the Ninja (level 27, 164/166 HPs)
             Began as a Kobold Hunter on May 22, 2016.
             Was the Champion of Trog.
             Escaped with the Orb
             ... and 3 runes on June 5, 2016!
             The game lasted 18:17:06 (74498 turns).

taran the Ninja (Kobold Hunter)                    Turns: 74498, Time: 18:17:07

Health: 164/166    AC: 35    Str: 17    XL:     27
Magic:  12/12      EV: 31    Int: 15    God:    Trog [******]
Gold:   5028       SH:  9    Dex: 21    Spells: 0 memorised, 26 levels left

rFire  + . .     SeeInvis .     b - +9 quick blade (antimagic)
rCold  + . .     Gourm    .     p - +6 shadow dragon armour
rNeg   . . .     Faith    .     d - +2 buckler
rPois  +         Spirit   .     q - +2 helmet
rElec  .         Dismiss  .     T - +2 cloak {+Inv}
rCorr  .         Reflect  .     I - +2 pair of gloves
SustAt .         Harm     .     W - +2 pair of boots
MR     +++..                    R - amulet "Rusayd" {rPois Regen+ Int+6}
Stlth  ++++......               Z - ring of Joy {rF+ EV+3}
                                u - ring of protection from magic

@: flying, very slightly contaminated, studying Short Blades, extremely
resistant to hostile enchantments, stealthy
A: hooves 1, rugged brown scales 1, carnivore 3, clumsy 1, cold resistance 1,
deformed body, frail 1
a: Berserk, Trog's Hand, Brothers in Arms, Burn Spellbooks, Renounce Religion,
Evoke Invisibility
0: Orb of Zot
}: 3/15 runes: decaying, serpentine, silver


You escaped.
You worshipped Trog.
Trog was exalted by your worship.
You were very full.

You visited 10 branches of the dungeon, and saw 51 of its levels.
You visited the Abyss 1 time.
You visited 1 ziggurat, and saw 4 of its levels.
You also visited: Trove, Ice Cave and Volcano.

You collected 5856 gold pieces.
You spent 828 gold pieces at shops.

Inventory:

Hand Weapons
 a - a +6 greatsling of freezing
 b - a +9 antimagic quick blade (weapon)
 s - a +8 dagger
Missiles
 U - 583 sling bullets
Armour
 d - a +2 buckler (worn)
 p - a +6 shadow dragon armour (worn)
 q - a +2 helmet (worn)
 I - a +2 pair of gloves (worn)
 T - a +2 cloak of invisibility (worn)
 W - a +2 pair of boots (worn)
 X - a +2 cloak of magic resistance
Rods
 r - a +8 rod of inaccuracy (17/17)
   (You found it on level 14 of the Dungeon)
Jewellery
 t - an uncursed ring of protection from cold
 u - a ring of protection from magic (left hand)
 R - the amulet "Rusayd" (around neck) {rPois Regen+ Int+6}
   (You found it on level 4 of the Depths)

   [amulet of regeneration]

   It affects your intelligence (+6).
   It protects you from poison.
   It increases your rate of regeneration.
 Z - the ring of Joy (right hand) {rF+ EV+3}
   (You found it in a treasure trove)

   [ring of evasion]

   It affects your evasion (+3).
   It protects you from fire.
Wands
 c - a wand of heal wounds (8/9)
 e - a wand of digging (3/24)
 g - a wand of iceblast (2/15)
 n - a wand of iceblast (5/15)
 y - a wand of teleportation (9/9)
 F - a wand of hasting (2/9)
 H - a wand of enslavement (13/24)
 P - a wand of acid (3/15)
Scrolls
 h - 7 scrolls of fear
 i - 3 scrolls of brand weapon
 j - 9 scrolls of recharging
 k - 2 scrolls of holy word
 v - 6 scrolls of identify
 w - 4 scrolls of magic mapping
 x - 2 scrolls of teleportation
 J - a scroll of silence
 L - 3 scrolls of blinking
 Y - 4 scrolls of fog
Potions
 m - 15 potions of curing
 o - a potion of flight
 z - a potion of might
 C - 2 potions of resistance
 M - 3 potions of agility
 Q - 2 potions of cancellation
Books
 D - a manual of Short Blades
Miscellaneous
 l - a phial of floods
 B - a phantom mirror
 E - a sack of spiders {used: 1}
 G - a fan of gales
 O - a phial of floods
Comestibles
 f - 19 meat rations
 K - 7 royal jellies


   Skills:
 + Level 20.2 Fighting
 - Level 17.0 Short Blades
 - Level 14.0 Slings
 + Level 17.9 Armour
 + Level 23.4 Dodging
 O Level 27 Stealth
 - Level 6.0 Shields
 + Level 18.5 Evocations


You had 26 spell levels left.
You didn't know any spells.

Dungeon Overview and Level Annotations

Branches:
Dungeon (15/15)            Temple (1/1) D:6            Lair (8/8) D:11
  Swamp (4/4) Lair:3        Snake (4/4) Lair:4          Orc (2/2) D:9
    Elf (2/3) Orc:2        Vaults (5/5) D:13          Crypt (0/3) Vaults:2
 Depths (5/5) D:15            Zot (5/5) Depths:5
  Slime: Lair:6-8

Altars:
Ashenzari
Dithmenos
Gozag
Makhleb
Nemelex Xobeh
Okawaru
Pakellas
Ru
Sif Muna
Trog
Vehumet
Yredelemnul
Zin
The Shining One
Beogh
Lugonu

Shops:
D:5 [   Orc:1 %   Orc:2 !**%   Vaults:3 [   Vaults:4 *   Vaults:5 [

Portals:
Hell: Depths:3 Depths:4 Depths:5
Abyss: Depths:3 Depths:4

Annotations:
D:4 Sigmund
Vaults:4 Frederick


Innate Abilities, Weirdness & Mutations

You are small and have problems with some larger weapons.
You are carnivorous and can eat meat at any time.
You have large cloven feet.
You are partially covered in rugged brown scales (AC +1, +3% HP).
You are clumsy. (Dex -2)
Your flesh is cold resistant.
Armour fits poorly on your strangely shaped body.
You are frail (-10% HP).


Message History

The sixfirhy hits you but does no damage.
The sixfirhy misses you. You block the bat's attack. The sixfirhy misses you.
The bat completely misses you. The sixfirhy completely misses you.
The bat completely misses you. You block the bat's attack.
You block the bat's attack. Why would you want to do that?
Drink which item? (? for menu, Esc to quit)
You feel very buoyant.
You fly up into the air.
The bat completely misses you. You block the bat's attack.
The bat barely misses you.
An Orb Guardian comes into view.
You block the bat's attack. You block the bat's attack.
You block the bat's attack. x2
There is an open door here.
The bat completely misses you.
There is a staircase leading out of the dungeon here.
The Orb Guardian hits you but does no damage.
You have escaped!

##### ##.......§§§§§#
########
##..#########..###.......
##).##...4..3##..##.#####.
#..##.#######.'#..#.#.....
#.##.##.≈...##.##.#.#..#.#
#.#4##.#####.##.#.#.####..
#.#.#.##.b.##.#.#.......##
#.#.#.#.#X#.#.#.#....##.#
#.#.#.#≈#@#.#.#.#.#..##.##
#.#.#.#.###.#.#.#.2..##...
#.#.#.##...##.#.#..####...
#.#.##..####.##.#.&# #...
#.##.##.4...##.##..# ##5.
#..##.#'#####.##...# #..
##..##..≈....##....# #.5
##..#########....## #5.
##.......&.....#######..


You could see an Orb Guardian and a bat.

Vanquished Creatures
  An orb of fire (Zot:5)
  Mennas (Depths:4)
  4 ancient liches (Zot:5)
  Sojobo (Depths:4)
  Saint Roka (Vaults:3)
  the Lernaean hydra (Swamp:4)
  A curse toe (Zot:4)
  4 Killer Klowns
  5 golden dragons
  Nikola (Swamp:2)
  Jorgrun (Swamp:3)
  3 electric golems
  2 hellephants (Zot:1)
  5 titans (Vaults:5)
  7 tentacled monstrosities
  3 liches
  An acid blob (Depths:2)
  22 Orb Guardians
  Asterion (Vaults:3)
  3 quicksilver dragons
  Gastronok (D:10)
  An Executioner (Depths:1)
  A sphinx (Vaults:3)
  An ancient champion (Vaults:2)
  5 death cobs
  7 storm dragons
  5 thorn hunters
  Roxanne (Swamp:2)
  2 shadow dragons
  4 tengu reavers
  Kirke (Swamp:2)
  Wiglaf (Depths:1)
  3 draconian monks
  13 greater nagas (Snake:4)
  5 fire giants
  An iron dragon (Depths:5)
  12 frost giants
  4 deep elf sorcerers
  16 vault wardens
  Donald (Swamp:3)
  3 draconian knights
  A draconian shifter (Zot:4)
  3 draconian scorchers
  4 ghost moths
  Aizul (Swamp:3)
  Louise (Depths:4)
  21 ironheart preservers
  6 draconian zealots
  7 draconian annihilators
  A reaper (Zig:3)
  5 war gargoyles
  22 very ugly things
  18 stone giants
  12 green draconians
  A draconian caller (Zot:5)
  3 deep elf demonologists
  3 spark wasps (Depths:4)
  8 black draconians
  15 red draconians
  4 yellow draconians
  A dire elephant (Zot:1)
  5 purple draconians
  A salamander stormcaller (Vaults:3)
  10 white draconians
  2 mottled draconians (Zot:5)
  6 deep elf annihilators
  6 deep elf death magi
  8 fire dragons
  A merfolk javelineer (Depths:2)
  29 vault guards
  A jiangshi (Vaults:2)
  10 ettins
  2 great orbs of eyes
  2 rakshasas (Depths:1)
  6 entropy weavers
  11 yaktaur captains
  2 deep elf high priests (Vaults:5)
  12 ice dragons
  An entropy weaver (shapeshifter) (Vaults:5)
  2 spriggan air magi
  11 naga warriors
  A juggernaut simulacrum (Depths:5)
  A catoblepas (D:14)
  The ghost of Oozefury the Basher, a journeyman HuGl of Okawaru (D:11)
  21 hydras
  11 centaur warriors
  2 hell beasts
  13 anacondas
  5 deep troll earth magi
  A ghost crab (Swamp:3)
  Erica (D:8)
  3 death knights
  7 alligators
  6 dancing weapons
  4 vampire magi
  7 death yaks
  17 ogre magi
  8 deep troll shamans
  An orc high priest (Orc:1)
  5 shock serpents
  Urug (D:10)
  3 tengu warriors
  A spriggan berserker (Depths:5)
  25 deep elf knights
  7 naga sharpshooters
  A sun demon (Depths:5)
  24 hell knights
  3 salamander mystics
  A shadow wraith (Vaults:5)
  7 iron trolls
  A wizard (D:13)
  2 death drakes (Depths:5)
  A storm dragon skeleton (Vaults:4)
  A flayed ghost (Vaults:4)
  11 skeletal warriors
  6 spriggan druids
  10 sea snakes
  2 unseen horrors
  2 fire crabs
  21 deep elf archers
  13 ironbrand convokers
  A hill giant (shapeshifter) (Depths:3)
  28 deep trolls
  6 giant orange brains
  13 orc knights
  2 naga ritualists
  6 lindwurms
  11 swamp dragons
  54 deep elf magi
  6 hill giants
  3 phantasmal warriors
  9 griffons
  A wolf spider zombie (D:12)
  10 mana vipers
  5 harpies
  6 necromancers
  A cyclops (shapeshifter) (Vaults:5)
  40 ugly things
  6 salamanders
  A manticore (shapeshifter) (Vaults:1)
  9 orc sorcerers
  8 wolf spiders
  A tengu skeleton (Vaults:3)
  3 oklob plants
  3 salamanders (shapeshifter)
  7 cyclopes
  A hornet (shapeshifter) (Vaults:1)
  3 manticores
  A guardian serpent (shapeshifter) (Depths:2)
  8 hornets
  2 rust devils
  6 elephants
  Maurice (D:8)
  10 moths of wrath
  21 black mambas
  3 guardian serpents (Snake:4)
  An octopode (shapeshifter) (D:14)
  13 vault sentinels
  A smoke demon (D:5)
  Joseph (D:8)
  2 molten gargoyles (Volcano)
  2 torpor snails
  3 gargoyles
  14 naga magi
  17 spiny frogs
  2 human zombies
  2 kobold demonologists
  44 yaktaurs
  A rime drake (Lair:7)
  5 komodo dragons
  2 ice devils (Zig:3)
  7 freezing wraiths
  A yaktaur skeleton (Vaults:4)
  3 tengu conjurers
  A harpy zombie (D:13)
  A human skeleton (Vaults:3)
  A polar bear (shapeshifter) (D:14)
  7 trolls
  A jumping spider (Vaults:5)
  A jumping spider (shapeshifter) (Vaults:5)
  7 blink frogs (Lair:7)
  A wind drake (Depths:5)
  7 boulder beetles
  4 giant leeches
  21 two-headed ogres
  37 slime creatures
  4 bog bodies
  2 fire giant simulacra (Vaults:3)
  A raiju (shapeshifter) (Depths:1)
  8 shadows
  4 air elementals
  11 spriggans
  A stone giant simulacrum (Vaults:2)
  A tarantella (shapeshifter) (Depths:1)
  3 tarantellas
  6 fire elementals
  17 redbacks
  2 wraiths
  6 flying skulls (Depths:5)
  2 spriggans (shapeshifter)
  42 yaks
  2 ynoxinuls (D:1)
  14 water elementals
  A golden eye (Zig:2)
  5 humans
  2 basilisks
  9 hippogriffs
  A hungry ghost (D:12)
  Grum (D:11)
  Eustachio (D:6)
  4 steam dragons
  Menkaure (D:6)
  3 mottled dragons
  12 wargs
  36 vampire mosquitoes
  22 insubstantial wisps
  A soldier ant (D:8)
  35 nagas
  14 swamp worms
  12 water moccasins
  4 porcupines
  A giant eyeball (shapeshifter) (Vaults:4)
  20 swamp drakes
  3 black bears
  25 ice beasts
  6 sky beasts
  42 orc warriors
  A sky beast (shapeshifter) (Vaults:3)
  2 phantoms
  A necrophage (D:6)
  16 wasps
  A black bear (shapeshifter) (Depths:4)
  50 ogres
  3 eyes of draining
  A tengu (shapeshifter) (Vaults:4)
  18 centaurs
  A boggart (shapeshifter) (Vaults:5)
  11 wolves
  20 crocodiles
  2 big kobolds
  17 giant frogs
  A wyvern zombie (D:14)
  A scorpion (D:14)
  3 killer bees (D:9)
  12 wights
  4 howler monkeys
  10 crimson imps
  A giant frog zombie (D:7)
  A wasp zombie (D:10)
  4 centaur zombies
  Crazy Yiuf (D:3)
  A giant frog skeleton (D:9)
  5 hounds
  6 jellies
  3 centaur skeletons
  23 orc priests
  8 iguanas
  Natasha (thrice) (D:3)
  38 orc wizards
  7 hell rats (Lair:5)
  7 worker ants
  15 sheep
  A hound zombie (D:8)
  Robin (D:3)
  7 gnolls (D:4)
  49 river rats
  12 adders
  4 shadow imps
  15 oozes (Lair:6)
  3 adder skeletons
  2 worms
  3 dart slugs
  4 giant geckos
  115 orcs
  2 giant cockroaches
  35 goblins
  26 hobgoblins
  9 jackals
  6 quokkas
  7 ball pythons
  4 bats
  A giant gecko skeleton (D:8)
  8 giant newts
  13 kobolds
  27 rats
  3 fire vortices (Volcano)
2227 creatures vanquished.

Vanquished Creatures (collateral kills)
  An ancient lich (Zot:5)
  3 Orb Guardians (Zot:5)
  A draconian knight (Zot:5)
  5 dancing weapons (Elf:2)
  A deep elf knight (Elf:2)
  2 hill giants (D:14)
  An ironbrand convoker (Vaults:4)
  A deep elf mage (Elf:2)
  A manticore (D:13)
  A boulder beetle (Vaults:4)
  An air elemental (Elf:2)
  A yak (D:12)
  A steam dragon (D:14)
  3 centaurs (Vaults:4)
23 creatures vanquished.

Vanquished Creatures (others)
  A draconian monk (Depths:5)
  An ironheart preserver (Vaults:1)
  A yaktaur captain (Vaults:1)
  A deep elf knight (Elf:2)
  A hornet (Vaults:4)
  2 yaktaurs
  A spriggan (Swamp:2)
  3 humans (Swamp:2)
  An ogre (Vaults:4)
  An orc wizard (Orc:2)
  14 fungi
  14 plants
41 creatures vanquished.

Grand Total: 2291 creatures vanquished

Notes
Turn   | Place    | Note
--------------------------------------------------------------
     0 | D:1      | taran the Kobold Hunter began the quest for the Orb.
     0 | D:1      | Reached XP level 1. HP: 12/12 MP: 1/1
   225 | D:1      | Reached skill level 5 in Slings
   295 | D:1      | Reached XP level 2. HP: 17/17 MP: 2/2
   759 | D:2      | Reached XP level 3. HP: 21/21 MP: 3/3
  1090 | D:2      | Reached XP level 4. HP: 26/26 MP: 4/4
  1938 | D:3      | Noticed Robin
  1967 | D:3      | Reached XP level 5. HP: 27/30 MP: 5/5
  2059 | D:3      | Killed Robin
  2213 | D:3      | Noticed Crazy Yiuf
  2252 | D:3      | Killed Crazy Yiuf
  2626 | D:3      | Found a burning altar of Makhleb.
  2715 | D:3      | Reached XP level 6. HP: 35/35 MP: 6/6
  2879 | D:3      | Noticed Natasha
  2899 | D:3      | Killed Natasha
  2943 | D:3      | Noticed Natasha
  2950 | D:3      | Killed Natasha
  2991 | D:3      | Noticed Natasha
  2997 | D:3      | Killed Natasha
  3256 | D:4      | Found a bloodstained altar of Trog.
  3270 | D:4      | Became a worshipper of Trog the Wrathful
  3415 | D:4      | Found a radiant altar of Vehumet.
  3719 | D:4      | Noticed Sigmund
  3913 | D:4      | Reached * piety under Trog
  4029 | D:4      | Reached XP level 7. HP: 40/40 MP: 7/7
  4185 | D:4      | Reached ** piety under Trog
  4300 | D:4      | Reached skill level 10 in Slings
  4528 | D:5      | Entered Level 5 of the Dungeon
  4614 | D:5      | Reached XP level 8. HP: 43/44 MP: 8/8
  4718 | D:5      | Found Focsi's Antique Armour Shop.
  4721 | D:5      | Bought an embroidered cloak for 108 gold pieces
  4721 | D:5      | Bought a pair of boots for 108 gold pieces
  4776 | D:5      | Reached skill level 1 in Short Blades
  4850 | D:5      | Found a deep blue altar of Sif Muna.
  5188 | D:5      | Found a basalt altar of Yredelemnul.
  5512 | D:6      | Found a shadowy altar of Dithmenos.
  5871 | D:6      | Reached XP level 9. HP: 48/48 MP: 9/9
  5900 | D:6      | Noticed Menkaure
  5911 | D:6      | Killed Menkaure
  5911 | D:6      | Reached skill level 5 in Dodging
  5971 | D:6      | Noticed Eustachio
  6014 | D:6      | Killed Eustachio
  6014 | D:6      | Reached skill level 5 in Short Blades
  6056 | D:6      | Found a staircase to the Ecumenical Temple.
  6075 | Temple   | Entered the Ecumenical Temple
  6167 | D:6      | Found an opulent altar of Gozag.
  6911 | D:7      | Reached *** piety under Trog
  7537 | D:8      | Noticed a deep elf mage
  7560 | D:8      | Killed a deep elf mage
  7560 | D:8      | Reached XP level 10. HP: 53/53 MP: 10/10
  8005 | D:8      | Noticed Maurice
  8016 | D:8      | Found a glowing golden altar of the Shining One.
  8039 | D:8      | Killed Maurice
  8155 | D:8      | Reached skill level 1 in Evocations
  8177 | D:8      | Reached skill level 2 in Stealth
  8235 | D:8      | Noticed Erica
  8259 | D:8      | Killed Erica
  8259 | D:8      | Reached skill level 5 in Fighting
  8259 | D:8      | Reached skill level 3 in Stealth
  8342 | D:8      | Noticed Joseph
  8364 | D:8      | Killed Joseph
  8364 | D:8      | Reached skill level 4 in Stealth
  8880 | D:8      | Noticed a death knight
  9177 | D:7      | Reached skill level 5 in Stealth
  9285 | D:8      | Reached XP level 11. HP: 45/64 MP: 14/14
  9647 | D:8      | Found a sacrificial altar of Ru.
  9694 | D:8      | Reached skill level 5 in Evocations
  9943 | D:9      | Reached skill level 1 in Shields
  9944 | D:9      | Received a gift from Trog
 10011 | D:9      | Found an oddly glowing altar of Pakellas.
 10139 | D:9      | Reached skill level 1 in Armour
 10287 | D:9      | Reached **** piety under Trog
 10654 | D:9      | Killed an unseen horror
 11509 | D:9      | Found a staircase to the Orcish Mines.
 11708 | D:10     | Entered Level 10 of the Dungeon
 11843 | D:10     | Got a pair of warped gloves
 11849 | D:10     | Identified the cursed +0 pair of gloves of the Gravedigger {Stlth+} (You found it on level 10 of the Dungeon)
 11883 | D:10     | Noticed Urug
 11891 | D:10     | Killed Urug
 11895 | D:10     | Noticed Gastronok
 12216 | D:10     | Killed Gastronok
 12216 | D:10     | Reached XP level 12. HP: 75/75 MP: 15/15
 12675 | D:11     | Found a staircase to the Lair.
 12680 | D:11     | Noticed Grum
 12708 | D:11     | Killed Grum
 12864 | D:11     | Found a frozen archway.
 12870 | D:11     | Reached skill level 5 in Shields
 12957 | IceCv    | Entered an ice cave
 12992 | IceCv    | Received a gift from Trog
 13234 | IceCv    | Reached skill level 5 in Armour
 13417 | IceCv    | Noticed an ice dragon
 13423 | IceCv    | Noticed an ice dragon
 13429 | IceCv    | Killed an ice dragon
 13429 | IceCv    | Reached skill level 6 in Stealth
 13442 | IceCv    | Killed an ice dragon
 13442 | IceCv    | Reached skill level 7 in Stealth
 13698 | IceCv    | Reached ***** piety under Trog
 13776 | D:11     | Noticed Oozefury's ghost (journeyman HuGl)
 13808 | D:11     | Killed Oozefury's ghost
 13842 | D:11     | Received a gift from Trog
 13842 | D:11     | Reached skill level 8 in Stealth
 14285 | Lair:1   | Entered Level 1 of the Lair of Beasts
 15246 | Lair:2   | Reached XP level 13. HP: 78/80 MP: 16/16
 15286 | Lair:2   | Reached skill level 10 in Short Blades
 15379 | Lair:2   | Reached skill level 9 in Stealth
 16286 | Lair:3   | Received a gift from Trog
 16406 | Lair:3   | Found a staircase to the Swamp.
 16727 | Lair:3   | Reached skill level 10 in Stealth
 17058 | Lair:4   | Noticed a six-headed hydra
 17069 | Lair:4   | Killed a six-headed hydra
 17431 | Lair:4   | Found a staircase to the Snake Pit.
 17445 | Lair:4   | Reached skill level 11 in Stealth
 18134 | Lair:5   | Reached skill level 12 in Stealth
 18173 | Lair:5   | Got a creamy pearl robe
 18184 | Lair:5   | Identified the +1 robe of Fumav {Str+5} (You found it on level 5 of the Lair of Beasts)
 18334 | Lair:5   | Got a heavily runed ring mail
 18345 | Lair:5   | Identified the +5 ring mail "Tuagoel" {rC+ Regen+ Stlth+} (You found it on level 5 of the Lair of Beasts)
 18789 | Lair:5   | Received a gift from Trog
 19123 | Lair:5   | Got a heavy robe
 19134 | Lair:5   | Identified the +2 robe of Dithmenos's Wrath {MR- Dex+8} (You found it on level 5 of the Lair of Beasts)
 19829 | Lair:6   | Reached XP level 14. HP: 86/86 MP: 17/17
 19961 | Lair:6   | Received a gift from Trog
 19982 | Lair:6   | Reached skill level 10 in Dodging
 20185 | Lair:6   | Received a gift from Trog
 20627 | Lair:7   | Reached ****** piety under Trog
 20682 | Lair:7   | Received a gift from Trog
 20902 | Lair:7   | Found a dark tunnel.
 20913 | Volcano  | Entered a volcano
 21681 | Lair:7   | Found a deep blue altar of Sif Muna.
 22272 | Lair:8   | Entered Level 8 of the Lair of Beasts
 22689 | Orc:1    | Entered Level 1 of the Orcish Mines
 22689 | Orc:1    | Found Qotus's Food Shoppe.
 22707 | Orc:1    | Noticed a stone giant
 22712 | Orc:1    | Noticed a stone giant
 22714 | Orc:1    | Killed a stone giant
 22758 | Orc:1    | Killed a stone giant
 22758 | Orc:1    | Reached XP level 15. HP: 39/91 MP: 18/18
 22899 | Orc:1    | Received a gift from Trog
 22925 | Orc:1    | Reached skill level 13 in Stealth
 23169 | Orc:1    | Found a roughly hewn altar of Beogh.
 23367 | Orc:2    | Entered Level 2 of the Orcish Mines
 23384 | Orc:2    | Found a staircase to the Elven Halls.
 23511 | Elf:1    | Entered Level 1 of the Elven Halls
 24419 | Orc:2    | Received a gift from Trog
 24442 | Orc:2    | Found Naip's Assorted Antiques.
 24442 | Orc:2    | Found Hiekinti's Food Boutique.
 24463 | Orc:2    | Received a gift from Trog
 24524 | Orc:2    | Bought a scroll of identify for 48 gold pieces
 24524 | Orc:2    | Bought a scroll labeled QAIHA VASOESO for 24 gold pieces
 24763 | Orc:2    | Received a gift from Trog
 24788 | Orc:2    | Found a roughly hewn altar of Beogh.
 24898 | Orc:2    | Found Piwyl's Distillery.
 24919 | Orc:2    | Found Xeolliewa's General Store.
 25255 | Elf:1    | Reached skill level 14 in Stealth
 25520 | Elf:1    | Received a gift from Trog
 25907 | Elf:2    | Noticed a deep elf sorcerer
 25953 | Elf:2    | Gained mutation: You occasionally shout uncontrollably at your foes. [a neqoxec]
 26071 | Elf:2    | Killed a deep elf sorcerer
 26071 | Elf:2    | Reached XP level 16. HP: 90/96 MP: 5/19
 26317 | Elf:2    | Found a huge runed gate.
 26327 | Elf:2    | Reached skill level 15 in Stealth
 26480 | Elf:2    | Found a huge runed gate.
 26481 | Elf:2    | Found a huge runed gate.
 26482 | Elf:2    | Found a huge runed gate.
 26482 | Elf:2    | Found a huge runed gate.
 26586 | Elf:2    | Received a gift from Trog
 26840 | Elf:2    | Reached skill level 10 in Armour
 27062 | Elf:2    | Received a gift from Trog
 27523 | D:12     | Found a glowing silver altar of Zin.
 28148 | D:13     | Reached skill level 16 in Stealth
 28430 | D:13     | Found a sparkling altar of Nemelex Xobeh.
 29171 | D:13     | Found a gate to the Vaults.
 29528 | D:14     | Received a gift from Trog
 30122 | D:14     | Reached XP level 17. HP: 100/100 MP: 6/20
 30147 | D:14     | Identified a -2 rod of inaccuracy (14/14) (You found it on level 14 of the Dungeon)
 30669 | D:15     | Entered Level 15 of the Dungeon
 30779 | D:15     | Received a gift from Trog
 31233 | D:15     | Received a gift from Trog
 31332 | D:15     | Found a portal to a secret trove of treasure.
 32113 | D:15     | Found a staircase to the Depths.
 32435 | D:15     | Reached skill level 10 in Evocations
 32490 | D:15     | Received a gift from Trog
 32947 | Swamp:1  | Entered Level 1 of the Swamp
 33212 | Swamp:1  | Received a gift from Trog
 33762 | Swamp:1  | Noticed a thorn hunter
 33825 | Swamp:1  | HP: 5/100 [thorn hunter (14)]
 33977 | Swamp:1  | Killed a thorn hunter
 34311 | Swamp:2  | Noticed Kirke
 34340 | Swamp:2  | Killed Kirke
 34529 | Swamp:2  | Noticed Nikola
 34555 | Swamp:2  | Killed Nikola
 34556 | Swamp:2  | Noticed Roxanne
 34827 | Swamp:3  | Received a gift from Trog
 34830 | Swamp:3  | Noticed a thorn hunter
 34856 | Swamp:3  | Killed a thorn hunter
 34856 | Swamp:3  | Reached XP level 18. HP: 106/106 MP: 9/28
 34969 | Swamp:3  | Noticed Aizul
 35000 | Swamp:3  | Killed Aizul
 35151 | Swamp:3  | Noticed Donald
 35233 | Swamp:3  | Noticed Jorgrun
 35241 | Swamp:3  | Killed Donald
 35322 | Swamp:3  | Killed Jorgrun
 35435 | Swamp:3  | Reached skill level 15 in Evocations
 35498 | Swamp:3  | Received a gift from Trog
 35677 | Swamp:4  | Entered Level 4 of the Swamp
 35709 | Swamp:4  | Reached skill level 15 in Dodging
 35991 | Swamp:2  | Killed Roxanne
 35991 | Swamp:2  | Reached skill level 10 in Fighting
 37163 | Swamp:4  | Received a gift from Trog
 37389 | Swamp:4  | Noticed the 27-headed Lernaean hydra
 37399 | Swamp:4  | Killed the 27-headed Lernaean hydra
 37434 | Swamp:4  | Reached XP level 19. HP: 98/114 MP: 10/30
 37517 | Swamp:4  | Got a decaying rune of Zot
 37750 | Snake:1  | Entered Level 1 of the Snake Pit
 37763 | Snake:1  | Got a spiked leather armour
 37774 | Snake:1  | Identified the cursed +0 leather armour "Teasoj" {Regen+ Dex+3} (You found it on level 1 of the Snake Pit)
 37803 | Snake:1  | Received a gift from Trog
 37899 | Snake:1  | Identified the Grimoire of Terror (You found it on level 1 of the Snake Pit)
 39465 | Snake:3  | Received a gift from Trog
 39710 | Snake:4  | Entered Level 4 of the Snake Pit
 40063 | Snake:4  | Reached skill level 17 in Stealth
 41111 | Snake:4  | Received a gift from Trog
 41427 | Snake:4  | Received a gift from Trog
 41512 | Snake:4  | Reached XP level 20. HP: 124/124 MP: 10/31
 41547 | Snake:4  | Received a gift from Trog
 41898 | Snake:4  | Reached skill level 18 in Stealth
 42719 | Snake:4  | Got a serpentine rune of Zot
 43221 | Vaults:1 | Entered Level 1 of the Vaults
 43233 | Vaults:1 | Received a gift from Trog
 44267 | Vaults:1 | Reached skill level 19 in Stealth
 44282 | Vaults:1 | Received a gift from Trog
 45201 | Vaults:1 | Reached XP level 21. HP: 132/132 MP: 11/32
 45588 | Vaults:1 | Received a gift from Trog
 46831 | Vaults:2 | Reached skill level 20 in Stealth
 47614 | Vaults:2 | Reached skill level 15 in Fighting
 47972 | Vaults:2 | Received a gift from Trog
 48518 | Vaults:2 | Found a staircase to the Crypt.
 49480 | Vaults:3 | Received a gift from Trog
 49950 | Vaults:3 | Noticed Saint Roka
 50008 | Vaults:3 | Killed Saint Roka
 50019 | Vaults:3 | Reached skill level 21 in Stealth
 50110 | Vaults:3 | Reached XP level 22. HP: 95/141 MP: 11/33
 50271 | Vaults:3 | Noticed Asterion
 50452 | Vaults:3 | Killed Asterion
 50995 | Vaults:3 | Received a gift from Trog
 51434 | Vaults:3 | Received a gift from Trog
 51561 | Vaults:3 | Received a gift from Trog
 51775 | Vaults:3 | Found Xavviun's Armour Boutique.
 52619 | Vaults:4 | Found Oskum's Assorted Antiques.
 52850 | Vaults:4 | Paralysed by a giant eyeball for 4 turns
 53074 | Vaults:4 | Received a gift from Trog
 53790 | Vaults:4 | Reached XP level 23. HP: 148/148 MP: 11/34
 54253 | Vaults:4 | Reached skill level 22 in Stealth
 54553 | Vaults:5 | Entered Level 5 of the Vaults
 54647 | Vaults:4 | Received a gift from Trog
 55351 | Vaults:4 | Received a gift from Trog
 55443 | Vaults:4 | Noticed Frederick
 55754 | Vaults:4 | Received a gift from Trog
 56519 | Vaults:5 | Identified a scroll of acquirement
 57055 | Vaults:5 | Noticed a golden dragon
 57079 | Vaults:5 | Killed a golden dragon
 57094 | Vaults:5 | Reached XP level 24. HP: 156/156 MP: 11/34
 57107 | Vaults:5 | Received a gift from Trog
 57406 | Vaults:5 | Got a silver rune of Zot
 57516 | Vaults:5 | Received a gift from Trog
 58055 | Vaults:5 | Noticed a golden dragon
 58083 | Vaults:5 | Killed a golden dragon
 58112 | Vaults:5 | Reached skill level 15 in Armour
 58247 | Vaults:5 | Found Paprael's Antique Armour Shoppe.
 58263 | Vaults:5 | Bought a pair of glowing gloves for 180 gold pieces
 58263 | Vaults:5 | Bought a pair of runed boots for 180 gold pieces
 58263 | Vaults:5 | Bought a glowing helmet for 180 gold pieces
 59068 | Depths:1 | Entered Level 1 of the Depths
 59199 | Depths:1 | Received a gift from Trog
 59637 | Depths:1 | Found a gateway to a ziggurat.
 59664 | Zig:1    | Entered Level 1 of a ziggurat
 59733 | Zig:2    | Entered Level 2 of a ziggurat
 59767 | Zig:3    | Entered Level 3 of a ziggurat
 60031 | Zig:4    | Entered Level 4 of a ziggurat
 60031 | Zig:4    | Noticed Umughavy the pandemonium lord
 60111 | Depths:1 | Noticed Wiglaf
 60145 | Depths:1 | Killed Wiglaf
 60924 | D:15     | You paid a toll of a potion of experience to enter a treasure trove
 60925 | Trove    | Entered a treasure trove
 60972 | Trove    | Got a slimy lead ring
 60973 | Trove    | Identified the ring of Joy {rF+ EV+3} (You found it in a treasure trove)
 61191 | Lair:1   | Gained mutation: Your flesh is cold resistant. [potion of mutation]
 61191 | Lair:1   | Gained mutation: You tend to lose your temper in combat. [potion of mutation]
 61270 | D:12     | Lost mutation: You occasionally shout uncontrollably at your foes. [potion of cure mutation]
 61270 | D:12     | Lost mutation: You tend to lose your temper in combat. [potion of cure mutation]
 61271 | D:12     | Gained mutation: You have large cloven feet. [potion of beneficial mutation]
 61272 | D:12     | Gained mutation: You are partially covered in rugged brown scales (AC +1, +3% HP). [potion of beneficial mutation]
 61438 | Depths:2 | Received a gift from Trog
 61592 | Depths:2 | Reached XP level 25. HP: 80/165 MP: 17/34
 62097 | Depths:2 | You fall through a shaft for 2 floors!
 62661 | Depths:4 | Got a pitted ivory amulet
 62662 | Depths:4 | Identified the amulet "Rusayd" {rPois Regen+ Int+6} (You found it on level 4 of the Depths)
 62828 | Depths:4 | Received a gift from Trog
 62856 | Depths:4 | Reached skill level 15 in Short Blades
 62913 | Depths:4 | Noticed Sojobo
 62991 | Depths:4 | Killed Sojobo
 63642 | Depths:4 | Found a gateway to Hell.
 63661 | Depths:4 | Noticed Mennas
 63940 | Depths:4 | Killed Mennas
 63999 | Depths:4 | Noticed Louise
 64002 | Depths:4 | Found a one-way gate to the infinite horrors of the Abyss.
 64005 | Depths:4 | Killed Louise
 64005 | Depths:4 | Reached skill level 23 in Stealth
 64069 | Depths:5 | Entered Level 5 of the Depths
 64204 | Depths:5 | Received a gift from Trog
 65138 | Depths:4 | Reached skill level 24 in Stealth
 65373 | Depths:5 | Reached XP level 26. HP: 173/173 MP: 11/34
 65668 | Depths:5 | Received a gift from Trog
 65894 | Depths:5 | Received a gift from Trog
 67011 | Depths:5 | Received a gift from Trog
 67031 | Depths:5 | Reached skill level 25 in Stealth
 67141 | Depths:5 | Found a gate to the Realm of Zot.
 67458 | Depths:3 | Found a corrupted altar of Lugonu.
 67505 | Depths:3 | Received a gift from Trog
 68429 | Zot:1    | Entered Level 1 of the Realm of Zot
 68469 | Zot:1    | Noticed a Killer Klown
 68472 | Zot:1    | Noticed a Killer Klown
 68474 | Zot:1    | Killed a Killer Klown
 68598 | Zot:1    | Killed a Killer Klown
 68856 | Zot:1    | Reached XP level 27. HP: 180/180 MP: 13/35
 68862 | Zot:1    | Reached skill level 26 in Stealth
 68868 | Zot:1    | Received a gift from Trog
 68875 | Zot:1    | Got an iridescent hunting sling {god gift}
 68876 | Zot:1    | Identified the +6 hunting sling of Yblivek {freeze, rF+ Str+4 Int+3} (Trog gifted it to you on level 1 of the Realm of Zot)
 69583 | Zot:5    | Entered Level 5 of the Realm of Zot
 70303 | Zot:5    | Reached skill level 27 in Stealth
 70803 | Zot:5    | Noticed an ancient lich
 70817 | Zot:5    | Noticed an ancient lich
 70830 | Zot:5    | Noticed an ancient lich
 70947 | Zot:5    | Cast into level 5 of the Abyss (an ancient lich)
 70947 | Abyss:5  | Entered Level 5 of the Abyss
 70971 | Zot:5    | Escaped the Abyss
 70998 | Zot:5    | Killed an ancient lich
 71015 | Zot:5    | Killed an ancient lich
 71069 | Zot:5    | Noticed an ancient lich
 71086 | Zot:5    | Noticed an orb of fire
 71109 | Zot:5    | Gained mutation: You are frail (-10% HP). [an orb of fire]
 71138 | Zot:5    | Killed an orb of fire
 71173 | Zot:5    | Noticed an ancient lich
 71246 | Zot:4    | Received a gift from Trog
 71249 | Zot:4    | Got a slimy dagger {god gift}
 71296 | Zot:4    | Identified the +8 dagger of Inflation {flame, MR++ Str-4 Dex+5} (Trog gifted it to you on level 4 of the Realm of Zot)
 71419 | Zot:5    | Killed an ancient lich
 71579 | Zot:5    | Killed an ancient lich
 71638 | Zot:5    | Noticed an ancient lich
 71638 | Zot:5    | Noticed an orb of fire
 71638 | Zot:5    | Noticed an orb of fire
 72654 | Zot:5    | Killed an ancient lich
 73316 | Zot:5    | Received a gift from Trog
 73376 | Zot:5    | Noticed an orb of fire
 73414 | Zot:5    | Got the Orb of Zot
 73513 | Zot:5    | Noticed a seraph
 73565 | Zot:3    | Gained mutation: Armour fits poorly on your strangely shaped body. [mutagenic glow]
 73793 | Depths:5 | Gained mutation: You are clumsy. (Dex -2) [mutagenic glow]
 74343 | D:1      | Noticed Zot Uhi the pandemonium lord
 74498 | D:$      | Escaped with the Orb!

Skill      XL: |  1  2  3  4  5  6  7  8  9 10 11 12 13 14 15 16 17 18 19 20 21 22 23 24 25 26 27 |
---------------+----------------------------------------------------------------------------------+-----
Slings         | 5 6 7 8 9 10 12 14 | 14.0
Short Blades   | 3 8 9 13 14 17 | 17.0
Dodging        | 4 8 9 11 13 14 15 17 18 19 20 21 22 23 | 23.4
Fighting       | 6 8 9 11 12 14 15 16 17 18 20 | 20.2
Evocations     | 4 5 13 15 16 18 | 18.5
Stealth        | 5 8 12 14 16 17 19 21 22 24 25 27 | 27.0
Shields        | 4 5 6 |  6.0
Armour         | 4 5 6 8 9 10 11 12 13 16 17 | 17.9

Action                   |  1- 3 |  4- 6 |  7- 9 | 10-12 | 13-15 | 16-18 | 19-21 | 22-24 | 25-27 || total
-------------------------+-------+-------+-------+-------+-------+-------+-------+-------+-------++-------
Melee: Short sword       |       |    11 |    64 |   500 |       |       |       |       |       ||   575
       Dagger            |       |       |       |   130 |    14 |   165 |   101 |    35 |   179 ||   624
       Rapier            |       |       |       |     1 |  1561 |       |       |       |       ||  1562
       Quick blade       |       |       |       |       |   299 |  1967 |  2785 |  3852 |  3317 || 12220
 Fire: Hunting sling     |    85 |   280 |   441 |   424 |   121 |       |       |       |       ||  1351
       Blowgun           |       |     1 |    22 |    33 |     4 |       |       |       |       ||    60
       Greatsling        |       |       |       |       |   121 |   354 |   587 |   234 |   292 ||  1588
Throw: Tomahawk          |       |       |       |     3 |     4 |    10 |       |       |       ||    17
       Stone             |       |       |       |     1 |       |       |       |       |       ||     1
Invok: Berserk           |       |     1 |     2 |    11 |    24 |    17 |    16 |    36 |    27 ||   134
       Trog's Hand       |       |       |       |     3 |       |     1 |       |     3 |     2 ||     9
       Burn Spellbooks   |       |       |       |       |     2 |     3 |     4 |     4 |     2 ||    15
       Brothers in Arms  |       |       |       |       |     2 |     3 |       |       |     4 ||     9
 Abil: Evoke Invisibilit |       |       |       |    22 |    32 |    23 |    19 |    10 |    34 ||   140
Evoke: Wand              |       |       |       |     1 |       |    16 |     7 |     3 |    30 ||    57
       Rod               |       |       |       |       |       |    27 |    15 |    11 |    27 ||    80
       Phial of floods   |       |       |       |       |       |       |       |     1 |     1 ||     2
       Sack of spiders   |       |       |       |       |       |       |       |     1 |       ||     1
  Use: Scroll            |       |     5 |     3 |    15 |    22 |    11 |     9 |    25 |    21 ||   111
       Potion            |       |       |     1 |     7 |     3 |     3 |     2 |    19 |    20 ||    55
 Stab: Distracted        |       |       |       |     2 |     2 |     3 |     1 |     6 |     9 ||    23
       Invisible         |       |       |       |    34 |    34 |    75 |    50 |    26 |    96 ||   315
       Sleeping          |       |       |       |    22 |   104 |    32 |    51 |    22 |    97 ||   328
       Confused          |       |       |       |       |       |     1 |       |       |       ||     1
  Eat: Chunk             |     9 |     8 |    11 |    48 |    73 |    46 |    63 |    73 |    64 ||   395
       Pizza             |       |       |       |       |     1 |    13 |     1 |     1 |     2 ||    18
       Beef jerky        |       |       |       |       |       |       |     1 |     3 |       ||     4
       Meat ration       |       |       |       |       |       |       |       |       |     4 ||     4
       Royal jelly       |       |       |       |       |       |       |       |       |     1 ||     1
Armor: Leather armour    |     3 |    12 |    27 |    96 |       |       |       |       |       ||   138
       Skin              |       |       |       |    59 |       |       |       |       |       ||    59
       Ice dragon armour |       |       |       |    14 |    29 |       |       |       |       ||    43
       Ring mail         |       |       |       |       |   190 |   193 |   189 |   214 |       ||   786
       Shadow dragon arm |       |       |       |       |       |       |       |   109 |   354 ||   463
Dodge: Dodged            |    32 |    56 |    99 |   292 |   661 |   693 |   816 |  1270 |  1212 ||  5131
Block: Buckler           |       |    16 |    30 |   118 |   103 |   343 |   404 |   617 |   513 ||  2144
